 Dungeon Crawl Stone Soup version 0.28-a0-1184-g53156a8862 (webtiles) character file.

Game seed: 5072846112075644457

41 flotson the Ducker (level 3, 0/28 HPs)
             Began as a Demonspawn Gladiator on Dec 17, 2021.
             Killed from afar by Jessica (14 damage)
             ... with a puff of flame
             ... on level 2 of the Dungeon.
             The game lasted 00:01:11 (1140 turns).

flotson the Ducker (Demonspawn Gladiator)           Turns: 1140, Time: 00:01:11

Health: 0/28       AC:  4    Str: 16    XL:     3   Next: 32%
Magic:  3/3        EV: 12    Int:  9    God:
Gold:   58         SH:  0    Dex: 14    Spells: 2/2 levels left

rFire   . . .      SeeInvis .   f - +1 whip (elec)
rCold   . . .      Faith    .   (no shield)
rNeg    . . .      Spirit   .   b - +0 leather armour
rPois   .          Reflect  .   c - +0 helmet
rElec   .          Harm     .   (no cloak)
rCorr   .          Rampage  .   (no gloves)
Will    .....                   (no boots)
Stlth   +.........              (no amulet)
HPRegen 0.09/turn               (no ring)
MPRegen 0.08/turn               (no ring)

@: no status effects
A: condensation shield
a: no special abilities


You were on level 2 of the Dungeon.
You visited 1 branch of the dungeon, and saw 2 of its levels.

You collected 58 gold pieces.

Inventory:

Hand Weapons
 a - a +0 war axe
 f - a +1 whip of electrocution (weapon)
Missiles
 d - 3 throwing nets (quivered)
Armour
 b - a +0 leather armour (worn)
 c - a +0 helmet (worn)
Scrolls
 e - a scroll of acquirement {unknown}
 g - a scroll of fog {unknown}
 i - a scroll of amnesia {unknown}
Potions
 h - a potion of magic {unknown}


   Skills:
 + Level 2.5 Fighting
 - Level 2.6 Axes
 + Level 2.3 Throwing
 + Level 1.1 Armour
 + Level 3.1 Dodging


You had 2 spell levels left.
You didn't know any spells.
Your spell library was empty.

Dungeon Overview and Level Annotations

Branches:
Dungeon (2/15)

Altars:

Annotations:
D:2 Jessica


Innate Abilities, Weirdness & Mutations

A meltable shield of frost defends you. (SH +0)


Message History

The bat hits you but does no damage.
Jessica zaps a wand.
The puff of flame hits you!
Your condensation shield dissipates!
The bat hits you. The bat hits you but does no damage.
The bat barely misses you. The bat closely misses you. The bat hits you.
The bat misses you. The bat hits you.
You hit the bat but do no damage. The bat closely misses you.
The bat misses you.
You hit the bat but do no damage. The bat closely misses you. The bat hits you.
The bat closely misses you.
You hit the bat.
The bat is moderately wounded.
The bat closely misses you. x2; The bat misses you.
You barely miss the bat. The bat closely misses you. x2
You hit the bat.
The bat is moderately wounded.
The bat closely misses you. The bat hits you but does no damage.
The bat closely misses you.
You whack the bat!
You kill the bat!
You hit Jessica but do no damage. Jessica misses you.
You hit Jessica but do no damage. Jessica hits you with a +0 dagger.
You are too injured to fight recklessly!
You are too injured to fight recklessly!
You are too injured to fight recklessly!
You are too injured to fight recklessly!
You are too injured to fight recklessly!
You are too injured to fight recklessly!
You are too injured to fight recklessly!
You are too injured to fight recklessly!
You are too injured to fight recklessly!
You hit Jessica.
Jessica is moderately wounded.
Jessica zaps a wand.
The puff of flame hits you!
Ouch! That really hurt!
You die...

......................#
...#.........##..#....#
...#..#.........##....#
...#....#....##########
...#.........#
............####
........##..)..#
........######.#####
...#....# #..@@.##
####.##.. #####..# # .#
.. ##...# ##.
#####b.### ...#
#.....## ####
#.......##### #
...B@...# .........
....B...(


You could see Jessica.

Vanquished Creatures
  A dart slug (D:1)
  6 ball pythons (D:1)
  3 endoplasms (D:1)
  3 giant cockroaches
  3 goblins
  3 hobgoblins (D:1)
  A quokka (D:2)
  8 bats
  A frilled lizard (D:1)
  2 kobolds (D:1)
  3 rats
34 creatures vanquished.

Notes
Turn   | Place    | Note
-------+----------+-------------------------------------------
     0 | D:1      | flotson the Demonspawn Gladiator began the quest for the
                  | Orb.
     0 | D:1      | Reached XP level 1. HP: 16/16 MP: 1/1
    96 | D:1      | Gained mutation: A meltable shield of frost defends you.
                  | (SH +0) [demonic ancestry]
    96 | D:1      | Reached XP level 2. HP: 21/22 MP: 2/2
   261 | D:1      | Reached skill level 3 in Dodging
   682 | D:1      | Reached XP level 3. HP: 26/28 MP: 3/3
   967 | D:2      | Reached skill level 1 in Armour
  1122 | D:2      | Noticed Jessica
  1140 | D:2      | Killed from afar by Jessica

Illustrated notes

Levels and vault maps discovered:
D:1:      psy_arrival_whirlpool, layout_basic, amethyst_killhole,
          hangedman_abyss_or_decor_lesser_grid
D:2:      layout_rooms, basic_altar, uniq_jessica

Skill      XL: |  1  2  3 |
---------------+----------+-----
Throwing       | 2 |  2.3
Dodging        | 3 |  3.1
Armour         | 1 |  1.1
Fighting       | |  2.5
Axes           | |  2.6

Action                   || total
-------------------------++-------
Melee: War axe           ||    76
       Whip              ||    39
 Stab: Sleeping          ||     1
Armor: Leather armour    ||    51
Dodge: Dodged            ||   105
Block: Other             ||    14

Table legend: (Time is in decaauts)
 A = Elapsed time spent in this place.
 B = Non-inter-level travel time spent in this place.
 C = Inter-level travel time spent in this place.
 D = Time resting spent in this place.
 E = Time spent auto-exploring this place.
 F = Levels seen in this place.
 G = Mean time per level.
                   A        B        C        D        E       F      G
               +--------+--------+--------+--------+--------+-----+--------+
         Total |   1170 |   1142 |     28 |      0 |    902 |   2 |  585.0 |
       Dungeon |   1170 |   1142 |     28 |      0 |    902 |   2 |  585.0 |
               +--------+--------+--------+--------+--------+-----+--------+

Top non-repeatable levels by time:
     D:1: 959 daAuts
     D:2: 210 daAuts
